 Dungeon Crawl Stone Soup version 0.25.1-2-g60ff931df9 (webtiles) character file.

Game seed: 1181236146318986971

124 nikku the Sneak (level 5, -6/36 HPs)
             Began as an Octopode Assassin on Nov 18, 2020.
             Mangled by a gnoll
             ... wielding a +0 halberd
              (8 damage)
             ... on level 4 of the Dungeon.
             The game lasted 00:04:11 (1851 turns).

nikku the Sneak (Octopode Assassin)                 Turns: 1851, Time: 00:04:12

Health: -6/36      AC:  1    Str: 11    XL:     5   Next: 8%
Magic:  5/5        EV: 13    Int: 19    God:
Gold:   162        SH:  0    Dex: 14    Spells: 4/4 levels left

rFire    . . .     SeeInvis .   a - +4 dagger
rCold    . . .     Gourm    .   (no shield)
rNeg     . . .     Faith    .   (helmet restricted)
rPois    .         Spirit   .   k - amulet of inaccuracy (curse)
rElec    .         Reflect  .   j - +6 ring of intelligence
rCorr    .         Harm     .   (no ring)
MR       .....                  (no ring)
Stlth    ++++......             (no ring)
HPRegen  0.12/turn              (no ring)
MPRegen  0.09/turn              (no ring)
                                (no ring)
                                (no ring)

@: lethally poisoned (-6 -> -8), slowed, very slow
A: almost no armour, stealthy swim, amphibious, 8 rings, constrict 8, camouflage
1, gelatinous body 1
a: no special abilities


You were on level 4 of the Dungeon.
You were not hungry.

You visited 1 branch of the dungeon, and saw 5 of its levels.

You collected 162 gold pieces.

Inventory:

Hand Weapons
 a - a +4 dagger (weapon)
Missiles
 b - 21 poisoned darts (quivered)
 c - 2 curare-tipped darts
Jewellery
 j - a +6 ring of intelligence (left tentacle)
 k - a cursed amulet of inaccuracy (around mantle)
Potions
 e - a potion of flight {unknown}
 g - a potion of curing {unknown}
 h - 2 potions of cancellation {unknown}
 i - a potion of might {unknown}
 o - a potion of degeneration {unknown}
Comestibles
 d - 2 rations


   Skills:
 + Level 2.8 Fighting
 + Level 2.9 Short Blades
 + Level 2.8 Throwing
 + Level 2.2 Dodging
 + Level 6.1 Stealth


You had 4 spell levels left.
You didn't know any spells.
Your spell library was empty.

Dungeon Overview and Level Annotations

Branches:
Dungeon (5/15)
 Temple: D:4-7

Altars:
Okawaru

Annotations:
D:4 Natasha


Innate Abilities, Weirdness & Mutations

You cannot wear most types of armour.
You are very stealthy in the water. (Stealth+)
You are amphibious.
You can wear up to eight rings at the same time.
You can use your tentacles to constrict eight enemies at once.
Your skin changes colour to match your surroundings (Stealth+).
Your rubbery body absorbs attacks. (AC +1, EV +1)


Message History

Natasha stares at you and mumbles some strange words.
You feel yourself slow down.
Found a stone staircase leading down.
The gnoll closely misses you. The gnoll hits you. The gnoll barely misses you.
The adder barely misses you. The adder closely misses you.
The gnoll hits you from afar with a +0 halberd.
The gnoll hits you. The gnoll closely misses you.
The gnoll hits you from afar with a +0 halberd!
The gnoll closely misses you. The adder bites you.
You are poisoned.
The adder poisons you!
The gnoll hits you from afar with a +0 halberd!
* * * LOW HITPOINT WARNING * * *
Found a stone staircase leading down.
* * * LOW HITPOINT WARNING * * *
You feel sick.
The crimson imp blinks!
The gnoll hits you from afar with a +0 halberd!
You die...

........... #..........
### ... #...............
.. ................ .# .
.........g....#.##.# ..
..#.........#.#.... >##
..#..##.....#.#...##...#
#.....#.......##<.....#
...........?...#@.# .##
.#.(........##g.Sg##....
.#...........§h#.....##
...##...5......#s.....#
..w #..........5........
#.. ######...#...##>....
##. #..###### .#... ##.#
##... ### ..


You could see a scorpion, Natasha, 2 gnolls, a crimson imp (summoned) and an
adder.

Vanquished Creatures
  Jessica (D:2)
  Terence (D:2)
  2 adders (D:2)
  3 worms (D:2)
  2 leopard geckos
  2 bats (D:1)
  4 giant cockroaches
  8 goblins
  6 hobgoblins
  2 jackals (D:2)
  2 frilled lizards (D:2)
  3 kobolds
  10 rats (D:1)
46 creatures vanquished.

Notes
Turn   | Place    | Note
-------+----------+-------------------------------------------
     0 | D:1      | nikku the Octopode Assassin began the quest for the Orb.
     0 | D:1      | Reached XP level 1. HP: 14/14 MP: 1/1
    85 | D:1      | Reached XP level 2. HP: 14/19 MP: 2/2
   460 | D:1      | Reached XP level 3. HP: 24/24 MP: 3/3
   879 | D:2      | Noticed Terence
   879 | D:2      | Noticed Jessica
   893 | D:2      | Killed Jessica
   899 | D:2      | Killed Terence
   899 | D:2      | Reached XP level 4. HP: 8/30 MP: 4/4
   984 | D:2      | Reached skill level 6 in Stealth
  1136 | D:2      | Found a faded altar of an unknown god.
  1425 | D:2      | Reached XP level 5. HP: 27/35 MP: 5/5
  1798 | D:3      | Found an iron altar of Okawaru.
  1805 | D:3      | You fall into a shaft and drop 2 floors!
  1805 | D:5      | Entered Level 5 of the Dungeon
  1831 | D:4      | Noticed Natasha
  1851 | D:4      | Mangled by a gnoll

Illustrated notes

Levels and vault maps discovered:
D:1:      dpeg_arrival_signposts, layout_rooms, minmay_tiny_reverse_x
D:2:      layout_basic, serial_curves, eino_curves_04, eino_curves_03,
          chequers_ecumenical_altar_simple, uniq_terence, uniq_jessica
D:3:      layout_basic, first_ration, okawaru_gym_becter
D:4:      layout_cave_pools, gammafunk_temple_overflow_forgotten, uniq_natasha
D:5:      layout_rooms, minmay_temple_entry_mist, st_stairs_10,
          kennysheep_generic_room_5

Skill      XL: |  1  2  3  4 |
---------------+-------------+-----
Dodging        | 2 |  2.2
Stealth        | 6 |  6.1
Fighting       | |  2.8
Short Blades   | |  2.9
Throwing       | |  2.8

Action                   |  1- 3 |  4- 6 || total
-------------------------+-------+-------++-------
Melee: Dagger            |    50 |    28 ||    78
       Constrict         |     8 |     5 ||    13
       Tentacles         |     5 |     2 ||     7
Throw: Dart              |     7 |    10 ||    17
  Use: Scroll            |     7 |     2 ||     9
 Stab: Sleeping          |    10 |     4 ||    14
  Eat: Chunk             |       |     3 ||     3
Armor: Skin              |     2 |     2 ||     4
Dodge: Dodged            |    22 |    17 ||    39
